Cogmind - Beta 15 @@@ ROGUE MODE // 2025.05.19 @ 22:18:08 Player: Zaros426 Result: Smashed by cave-in Performance ------------- Evolutions (5) 2500 Regions Visited (11) 2200 Robots Destroyed (377) 1885 Value Destroyed (14151) 14151 Prototype IDs (55) 1100 Alien Tech Used (0) 0 Bonus (9656) 9656 TOTAL SCORE: 31492 Bonus ------- Triggered High Security 500 High Alert Combat Kills 4457 Follower Combat Kills 1004 Entered Garrisons 200 Acquired ECA 300 Met Warlord at Base 500 MAIN.C Attacked Warlord 500 Warlord Defense Kills 2698 Friendly Fire -503 Cogmind --------- Core Integrity 0/1000 Matter 251/300 Energy 690/700 System Corruption 16% Temperature Cool (17) Movement Hovering (103) Location -5/Warlord Parts ------- > --- POWER (2) -------- Vortex Chain Reactor > --- PROPULSION (5) --- Hovering Gravjet-CIT Exoskeleton > --- UTILITY (7) ------ Armored Scrap Engine Advanced Melee Analysis Suite Advanced Launcher Guidance Computer Makeshift Light Armor Plating > --- WEAPON (3) ------- Chain Missile Launcher > --- INVENTORY (5) ---- Antimatter Reactor Dirty Datajack (20) Multitool Vortex Lance (40) Vortex Lance (40) Peak State ------------ > --- POWER ------------ Vortex Chain Reactor > --- PROPULSION ------- Armored Medium Treads Hovering Gravjet-CIT Exoskeleton > --- UTILITY ---------- Armored Scrap Engine Experimental Cooling System Huge Storage Unit Enhanced Optical Array Experimental Core Analyzer Makeshift Light Armor Plating > --- WEAPON ----------- Helical Railgun Hvy. Accelerated Penetrator Con/C > --- INVENTORY -------- Advanced Heat Sink Energy Well Matter Compressor Advanced Signal Interpreter Advanced Melee Analysis Suite Improved Armor Integrity Analyzer Improved Kinecellerator Improved Transmission Jammer Makeshift Light Armor Plating Hacking Suite Hacking Suite System Shield Vortex Rifle Vortex Rifle Magnetic Acceleration Cannon Dirty Datajack Dirty Datajack Dirty Datajack Dirty Datajack Dirty Datajack Dirty Datajack Improved Plasma Cutter Multitool Vortex Lance Vortex Lance [Rating: 135] Favorites ----------- Power Subdweller Power Source Engine Subdweller Power Source Power Core Constructs Reactor Vortex Chain Reactor Propulsion Light Treads Treads Light Treads Leg Cargo Legs Wheel Armored Wheel Hover Unit Constructs Flight Unit Improved VTOL Module Utility High-capacity Storage Unit Device Armored Scrap Engine Storage High-capacity Storage Unit Processor Enhanced Optical Array Hackware Makeshift Hacking Suite Protection Scrap Shield Weapon Heavy Battle Rifle Energy Gun Cooled Pulse Rifle Energy Cannon Beam Cannon Ballistic Gun Heavy Battle Rifle Ballistic Cannon Battle Cannon Launcher Advanced EMP Blaster Special Weapon Mining Laser Impact Weapon Flail Slashing Weapon Makeshift Sword Piercing Weapon Spear Special Melee Weapon Dirty Datajack Build | -11 -10 -10 -8 -8 -7 -7 -7 -5 -5 -5 -5 ------- Run | Yrd Mat Sub Mat Gar Fac Sto Rec Fac Upp Upp War Slots Evolved 10 | . . . 4 . 2 . . 4 . . . Power 1 | . . . . . . . . 1 . . . Propulsion 3 | . . . 1 . 1 . . 1 . . . Utility 5 | . . . 2 . 1 . . 2 . . . Weapon 1 | . . . 1 . . . . . . . . Parts Attached 272 | 7 8 26 41 17 26 44 19 22 16 26 20 Power 26 | 1 2 6 4 1 3 3 . . 2 3 1 Engine 17 | 1 2 6 3 . 2 2 . . . 1 . Core 8 | . . . 1 1 1 1 . . 2 2 . Reactor 1 | . . . . . . . . . . . 1 Propulsion 73 | 2 . 3 15 6 5 10 7 8 5 11 1 Treads 44 | 2 . 2 10 6 5 9 . 1 1 7 1 Leg 10 | . . 1 . . . . 1 2 2 4 . Wheel 14 | . . . 2 . . . 6 4 2 . . Hover 2 | . . . 2 . . . . . . . . Flight 3 | . . . 1 . . 1 . 1 . . . Utility 84 | 2 3 6 8 5 12 13 8 11 2 5 9 Device 31 | 1 1 2 3 2 5 5 2 2 2 4 2 Storage 12 | 1 1 1 1 . 2 2 2 2 . . . Processor 8 | . . . . 1 . 1 1 1 . 1 3 Hackware 12 | . 1 . 1 . 3 1 . 5 . . 1 Protection 21 | . . 3 3 2 2 4 3 1 . . 3 Artifact . | . . . . . . . . . . . . Weapon 89 | 2 3 11 14 5 6 18 4 3 7 7 9 Energy Gun 21 | 1 . . 4 2 3 4 . 2 . 2 3 Energy Cannon 9 | . 2 1 1 . . 3 1 1 . . . Ballistic Gun 14 | 1 . 3 3 1 . 3 . . 2 . 1 Ballistic Cannon 11 | . . 5 2 . . 2 1 . . . 1 Launcher 15 | . . 2 3 1 2 5 1 . . . 1 Special Weapon 4 | . 1 . . . 1 1 . . 1 . . Impact Weapon 3 | . . . 1 . . . 1 . 1 . . Slashing Weapon 3 | . . . . . . . . . 1 1 1 Piercing Weapon 2 | . . . . . . . . . 1 . 1 Special Melee Weapon 7 | . . . . 1 . . . . 1 4 1 Unidentified Prototypes 25 | . . . 6 . 1 9 1 1 . . 7 Corrupted Parts 4 | . . . . . . . 4 . . . . System Corruption 13 | . . . . . . . 13 . . . . Parts Lost 78 | . . 2 9 3 . 24 . 7 9 20 4 Power 8 | . . 1 . 1 . . . . 3 3 . Propulsion 26 | . . . . 1 . 10 . 4 3 8 . Utility 18 | . . . 2 . . 7 . 1 1 5 2 Weapon 26 | . . 1 7 1 . 7 . 2 2 4 2 Highest Loss Streak 9 | . . 1 3 1 . 9 . 5 4 6 3 To Critical Strikes 3 | . . 1 . 1 . . . . . 1 . Average Backups 17 | 2 15 17 18 19 18 18 5 10 19 20 22 Power . | . . 1 . . . . . . . . . Propulsion 1 | . 1 1 2 2 1 1 . . . . . Utility 8 | 1 5 7 8 10 8 8 2 6 7 12 11 Weapon 4 | . 7 4 3 4 5 5 1 1 2 2 3 Tool/Special . | . . . . . . . . . . . . Unused Backups 72 | . 3 16 8 4 4 6 . 4 . 3 24 Power 6 | . . 2 1 . . 1 . 1 . . 1 Propulsion 3 | . . 2 1 . . . . . . . . Utility 36 | . 1 4 4 4 4 3 . 3 . 2 11 Weapon 22 | . 2 8 1 . . 2 . . . 1 8 Tool/Special 5 | . . . 1 . . . . . . . 4 Average Slot Usage (%) 82 | . 99 74 92 92 99 89 63 73 74 83 69 Engine 7 | . 14 11 8 5 5 5 . 4 1 . 3 Core 2 | . . . . 3 1 1 6 5 5 6 3 Treads 12 | . 27 2 19 26 29 26 . 2 1 13 12 Leg 4 | . . 10 2 . . . 2 3 6 11 1 Wheel 1 | . . . 2 . . . 14 8 7 . . Device 10 | . 12 6 8 4 8 10 3 7 21 15 13 Storage 8 | . 14 9 8 9 7 7 1 5 5 5 4 Processor 3 | . . . . 6 7 6 5 3 5 10 10 Hackware 1 | . 1 . 8 1 3 3 2 9 . . . Protection 6 | . . 11 7 8 7 4 9 4 . . 3 Energy Gun 3 | . . . 2 9 20 10 . 4 4 4 . Energy Cannon 4 | . 23 3 4 . . 3 1 1 . . . Ballistic Gun 5 | . . 11 9 9 . 3 2 6 4 . . Ballistic Cannon 3 | . . 7 6 2 . . 4 1 . . 6 Peak Build Rating 135 | 7 11 37 47 41 52 57 62 99 111 96 135 Average Rating 49 | 5 8 31 33 35 48 46 49 84 93 83 104 On Entrance 44 | . 7 9 36 34 33 51 26 61 99 86 96 Naked Turns . | . . . . . . . . . . . . Heaviest Build 143 | 12 52 77 79 74 79 87 100 125 129 122 143 Greatest Support 127 | 40 40 55 84 76 97 90 48 54 56 127 115 Greatest Overweight (x) 14 | . 1 1 3 1 1 6 4 14 4 6 2 Average Overweight (x) . | . . . . . . . . 1 2 1 . Largest Inventory Capacity 25 | 8 20 20 20 20 20 20 25 25 25 25 25 Average Capacity 19 | 7 19 18 20 20 20 19 7 14 23 25 23 Most Carried 25 | 6 20 20 20 20 20 20 13 13 24 25 25 Average Carried 18 | 2 15 18 18 19 19 18 5 10 20 22 22 Final Capacity 25 | 8 20 20 20 20 20 5 25 10 25 25 5 Final Carried 24 | 5 20 20 20 20 20 4 13 10 24 23 5 Scrap Engine Consumption 137 | . . . . . . . 13 43 22 22 37 Constructs Created 15 | . . . . . . . 3 5 2 3 2 Constructs Modified 37 | . . . . . . . . 9 9 9 10 Class Distribution -------------------- 55% | Mutant 10% | Scavenger-Mutant 9% | Tank 5% | Construct 3% | Gunner 3% | Scavenger-Tank Dominant Class ---------------- Mutant | -10/Materials Mutant | -10/Subcaves Tank | -8/Materials Mutant | -8/Garrison Tank | -7/Factory Commander-Gunner | -7/Storage Mutant | -7/Recycling Hacker-Tank | -5/Factory Mutant | -5/Upper Caves Scavenger-Mutant | -5/Upper Caves Construct | -5/Warlord Resources | -11 -10 -10 -8 -8 -7 -7 -7 -5 -5 -5 -5 ----------- Run | Yrd Mat Sub Mat Gar Fac Sto Rec Fac Upp Upp War Matter Collected 9419 | 275 268 1400 1618 1070 524 1329 581 936 361 367 690 Remotely . | . . . . . . . . . . . . Salvage Created 14102 | 175 563 781 2183 1243 1594 3520 509 938 773 787 1036 Parts 668 | 13 38 50 105 70 79 165 14 54 25 23 32 Haulers Intercepted 18 | . 2 . 5 . 3 6 2 . . . . Recyclers Shooed 8 | 1 1 . . . . 2 . 4 . . . Parts Field Recycled . | . . . . . . . . . . . . Retrieved Matter . | . . . . . . . . . . . . Parts Self-Destructed 61 | . . 13 . . . . . . 23 25 . Prevented 8 | . . . . . . . . . 6 2 . Kills | -11 -10 -10 -8 -8 -7 -7 -7 -5 -5 -5 -5 ------- Run | Yrd Mat Sub Mat Gar Fac Sto Rec Fac Upp Upp War Combat Hostiles Destroyed 273 | . 12 29 46 33 28 72 2 11 11 8 21 Melee 8 | . . . . 3 . . . 1 . 2 2 Guns 89 | . 3 3 17 24 17 13 . 5 6 . 1 Cannons 69 | . 9 19 17 2 . 8 . 2 . . 12 AOE 101 | . . 7 11 4 10 48 2 3 4 6 6 Classes Destroyed 26 | 2 6 4 3 2 2 3 . . . 1 3 Worker 15 | . 1 . 1 . 5 6 . 2 . . . Builder 11 | . . . 4 . 4 1 . 2 . . . Tunneler 8 | 5 . . 2 . . . . 1 . . . Hauler 18 | . 2 . 5 . 3 6 2 . . . . Recycler 12 | 1 . . . . 1 6 1 3 . . . Mechanic 6 | . . . . . . 6 . . . . . Operator 9 | . 3 . 3 . . 1 . 2 . . . Turret 2 | . . 2 . . . . . . . . . Watcher 14 | . 3 . 5 . 3 2 . 1 . . . Swarmer 47 | . 6 5 7 11 6 4 . 3 3 2 . Saboteur 4 | . . . . 1 . . . . . . 3 Grunt 106 | . 6 . 24 16 14 27 1 . 6 3 9 Brawler 8 | . . . . . 1 5 . . . 2 . Duelist 6 | . . . . . . 4 . . 1 1 . Protector 5 | . . . . . 1 3 . . . . 1 Sentry 29 | . . 2 11 5 1 7 . 1 2 . . Demolisher 5 | . . . . . . 4 . 1 . . . Specialist 10 | . . . 2 . . 7 . . . . 1 Hunter 11 | . . . 2 . 1 2 1 3 1 1 . Programmer 20 | . . . . . 4 9 . 4 . . 3 Behemoth 2 | . . . . . . . . . . . 2 Striker 1 | . . . . . . . . . . . 1 Executioner 2 | . . . . . . . . . . . 2 Artisan 1 | . . 1 . . . . . . . . . Subdweller 22 | . . 22 . . . . . . . . . Packrat 1 | . . . . . . . . . . 1 . Thug 1 | . . . . . . . . . . . 1 Savage 1 | . . . . 1 . . . . . . . Mutant 2 | . . . . . . . . . . 1 1 Best Kill Streak 41 | 4 5 4 11 8 11 41 4 4 3 2 4 Combat Bots Only 35 | . 3 4 7 8 8 35 2 3 3 2 4 Max Kills in Single Turn 10 | 1 2 3 3 2 9 10 1 2 1 2 3 Gunslinging 1 | . 1 . . . . . . . . . . Exploded 9 | . . 3 2 2 7 9 1 2 1 2 3 Melee 1 | . . . . 1 . . . 1 . 1 1 Uniques/NPCs Destroyed . | . . . . . . . . . . . . Combat | -11 -10 -10 -8 -8 -7 -7 -7 -5 -5 -5 -5 -------- Run | Yrd Mat Sub Mat Gar Fac Sto Rec Fac Upp Upp War Hostile Shots Fired 1996 | . 43 185 254 177 168 558 15 73 87 157 279 Missed 670 | . 10 76 65 33 65 205 6 16 18 46 130 Hits 1326 | . 33 109 189 144 103 353 9 57 69 111 149 Melee 17 | . . . . 4 . 7 . . 1 3 2 Projectile 1309 | . 33 109 189 140 103 346 9 57 68 108 147 AOE 25 | . . 7 . . . 17 . . . . 1 Critical Strikes 49 | . . 4 8 4 3 18 . . 3 5 4 Part Disruptions 2 | . . . . . . 2 . . . . . Damage Taken 20615 | . 326 2103 2714 1558 1335 4580 150 1063 1668 2403 2715 Core 2260 | . 66 111 247 154 135 507 38 76 167 470 289 Absorbed by Shields 476 | . . . . . 401 75 . . . . . Ignored by Resistances 320 | . . . 70 95 . 155 . . . . . Regen/Repaired (Parts) 1794 | . 87 . . . 205 . . 208 144 44 1106 Core Remaining (%) 39 | 100 . 29 . 27 . . 2 . . . . Volleys Fired 770 | 15 57 156 138 79 64 109 14 42 24 19 53 Largest 3 | 2 2 2 3 3 3 3 2 3 3 1 2 Hottest 200 | 70 120 113 121 135 110 138 68 152 122 61 200 Shots Fired 1571 | 30 92 298 289 173 175 253 16 101 46 20 78 Gun 981 | 30 12 121 159 154 172 185 8 85 46 2 7 Cannon 502 | . 62 171 104 17 . 45 3 14 . 18 68 Launcher 70 | . . 6 26 2 3 23 5 2 . . 3 Special 18 | . 18 . . . . . . . . . . Kinetic 780 | 15 6 258 199 93 . 57 2 54 27 1 68 Thermal 539 | 15 86 35 44 . 164 121 9 45 1 19 . Explosive 35 | . . 5 4 2 3 18 . . . . 3 Electromagnetic 210 | . . . 42 78 8 57 5 2 18 . . Entropic 7 | . . . . . . . . . . . 7 Robot Hit Streak 34 | 14 7 18 27 19 34 33 5 11 10 6 11 Robot Miss Streak 8 | 3 2 3 8 7 2 3 3 8 4 2 4 Penetration Max 1 | . . . . . . . . 1 1 . . Secondary Targets 10 | . 2 . . 3 2 2 . 1 . . . Max Gunslinging Chain 1 | . 1 . . 1 1 1 . 1 . . . Shots Hit Robots 1108 | 24 44 161 184 107 130 191 15 77 57 71 47 Core Hits 745 | 9 23 51 122 59 68 254 15 44 26 34 40 Critical Kills 4 | . . . . 2 . . . 2 . . . Critical Parts Destroyed 8 | . . . . . 1 . . 7 . . . Critical Strikes 40 | . . 5 6 2 2 9 . 10 1 1 4 Burn 12 | . . . 4 . 1 7 . . . . . Destroy 9 | . . . . 1 . . . 8 . . . Blast 11 | . . 5 2 . . . . . . . 4 Corrupt 2 | . . . . . . 2 . . . . . Smash 4 | . . . . 1 1 . . 2 . . . Sever 1 | . . . . . . . . . . 1 . Impale 1 | . . . . . . . . . 1 . . Melee Attacks 218 | . . . 17 42 16 2 4 5 65 63 4 Impact 85 | . . . 17 38 16 2 4 5 3 . . Slashing 51 | . . . . . . . . . 34 17 . Piercing 78 | . . . . . . . . . 28 46 4 Sneak Attacks 24 | . . . 3 4 1 . 1 2 4 9 . Combat Hostiles 8 | . . . . . . . . . 3 5 . Follow-up Attacks . | . . . . . . . . . . . . Damage Inflicted 37996 | 243 743 4161 6079 2153 4072 10946 931 1759 1166 1226 4517 Guns 12367 | 243 63 844 1469 1704 2560 3068 173 1272 813 . 158 Cannons 8196 | . 680 2428 1773 67 . 755 41 155 . 279 2018 Explosions 15329 | . . 889 2526 303 1425 7123 560 169 . . 2334 Melee 2101 | . . . 308 79 87 . 157 163 353 947 7 Ramming 3 | . . . 3 . . . . . . . . Kinetic 11222 | 97 39 2732 2720 1204 . 1001 41 873 497 . 2018 Thermal 8179 | 146 704 682 746 79 2494 2288 173 588 . 279 . Explosive 11832 | . . 747 575 224 1425 6527 . . . . 2334 Electromagnetic 4501 | . . . 1727 567 66 1130 560 135 316 . . Impact 862 | . . . 308 79 87 . 157 163 68 . . Slashing 814 | . . . . . . . . . 35 779 . Piercing 425 | . . . . . . . . . 250 168 7 Entropic 158 | . . . . . . . . . . . 158 Highest Corruption 27 | . . . . . 2 14 27 . . 4 4 Average Corruption 5 | . . . . . 1 2 15 . . 4 3 Corruption Purged 4 | . . . . . . 4 . . . . . Corruption Blocked . | . . . . . . . . . . . . Effects 123 | . . . . . 15 20 51 . . 34 3 Message Errors 26 | . . . . . 3 7 12 . . 4 . Matter Fused 35 | . . . . . 5 5 14 . . 10 1 Heat Flow Errors 17 | . . . . . 2 2 5 . . 7 1 Energy Discharges 18 | . . . . . 1 2 7 . . 7 1 Parts Rejected 2 | . . . . . . . . . . 2 . Parts Fused 1 | . . . . . . . 1 . . . . Data Loss (minor) 15 | . . . . . 4 1 8 . . 2 . Data Loss (major) 4 | . . . . . . . 3 . . 1 . Misfires 1 | . . . . . . . . . . 1 . Alerts 1 | . . . . . . . 1 . . . . Misdirections 1 | . . . . . . 1 . . . . . Weapon Failures 2 | . . . . . . 2 . . . . . Overload Shots 3 | . . . . . 3 . . . . . . Overflow Damage 1060 | . 4 24 189 23 64 167 88 148 36 159 158 Projectiles 253 | . 4 24 68 . . 29 1 . . . 127 Explosions 281 | . . . 49 23 12 138 28 . . . 31 Melee 526 | . . . 72 . 52 . 59 148 36 159 . Knockbacks 41 | . . 19 16 . . 1 . 1 . . 4 Impact 2 | . . . 1 . . . . 1 . . . Kinetic 37 | . . 18 14 . . 1 . . . . 4 Secondary 2 | . . 1 1 . . . . . . . . Self-Inflicted Damage 716 | . . 21 122 30 297 182 64 . . . . Shots 23 | . . 1 8 1 3 7 3 . . . . Rammed 2 | . . . 2 . . . . . . . . Targets Rammed 2 | . . . 2 . . . . . . . . Kicked . | . . . . . . . . . . . . Crushed . | . . . . . . . . . . . . Highest Temperature 445 | 180 276 6 437 329 215 229 264 445 273 208 331 Average Temperature 84 | 79 67 3 103 101 28 55 112 159 68 49 84 Received Heat Transfer 4762 | . 84 381 1035 639 353 837 12 63 271 505 582 Effects 15 | . 3 . 2 3 . 2 . 5 . . . Shutdowns 2 | . . . 1 . . . . 1 . . . Energy Bleed 5 | . 1 . 1 1 . . . 2 . . . Interference 6 | . 2 . . 2 . 2 . . . . . Matter Decay 2 | . . . . . . . . 2 . . . Siege Activations . | . . . . . . . . . . . . Martial Activations . | . . . . . . . . . . . . Shielding Activations . | . . . . . . . . . . . . Robots Disrupted 2 | . . . 1 1 . . . . . . . Combat Hostiles 1 | . . . . 1 . . . . . . . Robots Corrupted 9 | . . . 1 . 2 2 1 2 1 . . Combat Hostiles 4 | . . . 1 . . 2 . . 1 . . Parts Fried 21 | . . . 5 1 4 3 3 5 . . . Impact Corruptions 11 | . . . 2 . 3 . 1 5 . . . Robots Melted 2 | . . . . . 1 1 . . . . . Combat Hostiles 2 | . . . . . 1 1 . . . . . Parts Melted 36 | 1 3 1 1 . 10 17 . 1 . . 2 Heat Transferred 15842 | 444 1517 925 1599 100 4662 4492 275 1396 . 432 . Parts Sabotaged 16 | . . . . 12 . . . . . . 4 Parts Stolen . | . . . . . . . . . . . . Parts Stripped . | . . . . . . . . . . . . Power Chain Reactions 15 | . . . 8 1 . 3 1 2 . . . Alert | -11 -10 -10 -8 -8 -7 -7 -7 -5 -5 -5 -5 ------- Run | Yrd Mat Sub Mat Gar Fac Sto Rec Fac Upp Upp War Maximum Alert Level 5 | . . . 2 5 4 5 4 2 . . . Low Security (%) 24 | 100 100 . 17 . . . . . . . . Level 1 10 | . . . 23 1 . . . 61 . . . Level 2 21 | . . . 59 12 . 27 16 38 . . . Level 3 23 | . . . . 46 50 17 76 . . . . Level 4 16 | . . . . 30 49 31 6 . . . . Level 5 1 | . . . . 9 . . . . . . . High Security 2 | . . . . . . 22 . . . . . Max Security . | . . . . . . . . . . . . Sterilizations 1 | . . . . . . 1 . . . . . Peak Influence 2252 | 15 105 . 524 1873 1389 2252 1135 477 . . . Initial 1100 | . . . 80 321 982 615 1100 468 . . . Average 636 | 2 18 . 368 1038 1091 1175 837 387 . . . Influence Increases 10148 | 30 478 280 1736 1602 1182 2699 212 623 495 361 450 Destroy 0b10 Robot/C 5480 | . 240 180 920 700 560 1560 80 240 320 280 400 Destroy 0b10 Robot/NC 540 | 30 45 . 100 . 85 155 45 55 10 10 5 Destroy Leader 890 | . 70 10 260 20 132 266 . 62 30 40 . Allied During Kill 369 | . . . . 4 8 285 4 7 45 16 . Trap Triggered on 0b10 20 | . . . . . 20 . . . . . . Successful Hack 222 | . 45 . 23 10 61 41 4 38 . . . Select Force Hacks 240 | . 30 . 60 . 30 60 60 . . . . Disable Machine 285 | . . . 75 75 90 45 . . . . . Anti-Garrison Action 550 | . . . . 550 . . . . . . . Destroy Structure 632 | . 18 . 148 213 61 167 19 6 . . . Advance Influence 200 | . . . . . . . . 200 . . . Partial Spotted 15 | . . . 15 . . . . . . . . Lose Combat Pursuer 705 | . 30 90 135 30 135 120 . 15 90 15 45 Influence Decreases 10040 | 30 478 125 1397 223 1701 1811 2040 938 820 361 116 Entered New Map 3739 | . . . 75 173 891 739 1368 372 121 . . Time Decay 4341 | 30 478 125 684 . 640 482 482 486 639 219 76 Lost Part 592 | . . . 90 30 . 240 . 70 40 82 40 Lost Ally 370 | . . . . 20 20 200 40 10 20 60 . Purge Threat 998 | . . . 548 . 150 150 150 . . . . Squads Dispatched 54 | . 4 . 14 . 11 19 . 5 . 1 . Investigation 13 | . 2 . 5 . 3 3 . . . . . Extermination 8 | . . . . . 4 1 . 3 . . . Reinforcement 14 | . 2 . 5 . 2 3 . 2 . . . Assault 16 | . . . 1 . 2 12 . . . 1 . Garrison 3 | . . . 3 . . . . . . . . Intercept . | . . . . . . . . . . . . Searches Triggered . | . . . . . . . . . . . . Construction Impeded 4 | . . . 2 . 1 1 . . . . . Haulers Reinforced 3 | . . . . . 1 2 . . . . . Active Scanning Responses . | . . . . . . . . . . . . Cargo Convoy Interrupts . | . . . . . . . . . . . . Stealth | -11 -10 -10 -8 -8 -7 -7 -7 -5 -5 -5 -5 --------- Run | Yrd Mat Sub Mat Gar Fac Sto Rec Fac Upp Upp War Distress Signals 12 | . 4 . 2 . 1 2 3 . . . . Communications Jammed . | . . . . . . . . . . . . Distress Signals . | . . . . . . . . . . . . Times Spotted 465 | . 18 39 67 37 52 100 6 18 35 30 63 Peak Tracking Total 19 | . 5 7 4 11 8 19 3 4 9 7 14 Tactical Retreats 31 | . 1 4 6 1 5 5 1 1 4 1 2 Traps | -11 -10 -10 -8 -8 -7 -7 -7 -5 -5 -5 -5 ------- Run | Yrd Mat Sub Mat Gar Fac Sto Rec Fac Upp Upp War Traps Triggered 12 | . 1 2 3 6 . . . . . . . Indirectly 1 | . . . 1 . . . . . . . . Trap Hack Attempts . | . . . . . . . . . . . . Triggered . | . . . . . . . . . . . . Disarmed . | . . . . . . . . . . . . Reprogrammed . | . . . . . . . . . . . . Reused 5 | . . . . . 2 . . . 1 . 2 Traps Extracted . | . . . . . . . . . . . . Installed 6 | . . . . . 3 . . . 1 . 2 Triggered 5 | . . . . . 2 . . . 1 . 2 Most Traps Carried 4 | . . 1 . 4 4 . . . 2 2 2 Machines | -11 -10 -10 -8 -8 -7 -7 -7 -5 -5 -5 -5 ---------- Run | Yrd Mat Sub Mat Gar Fac Sto Rec Fac Upp Upp War Machines Disabled 29 | . . 2 5 9 6 5 . . . 1 1 Max in Single Turn 2 | . . 1 1 1 2 2 . . . 1 1 Garrison Relay 5 | . . . . 5 . . . . . . . Machines Repaired . | . . . . . . . . . . . . Machines Dismantled . | . . . . . . . . . . . . Machines Sabotaged . | . . . . . . . . . . . . Overloaded Fab Kills . | . . . . . . . . . . . . Hacking | -11 -10 -10 -8 -8 -7 -7 -7 -5 -5 -5 -5 --------- Run | Yrd Mat Sub Mat Gar Fac Sto Rec Fac Upp Upp War Machines Accessed 70 | . 8 4 13 3 9 10 11 4 2 1 5 Terminals 38 | . 6 . 10 3 4 7 5 3 . . . Fabricators 1 | . . . . . 1 . . . . . . Repair Stations 3 | . 1 . . . 1 1 . . . . . Recycling Units 10 | . 1 . 1 . 2 2 4 . . . . Scanalyzers 3 | . . . 1 . 1 . . 1 . . . Garrison Access 1 | . . . 1 . . . . . . . . Total Hacks 210 | . 24 15 47 5 21 17 46 13 4 1 17 Successful 134 | . 13 15 25 2 9 9 32 7 4 1 17 Failed 76 | . 11 . 22 3 12 8 14 6 . . . Catastrophic 11 | . 1 . 1 3 3 . 1 2 . . . Database Lockouts . | . . . . . . . . . . . . Manual 69 | . 20 . 21 2 9 2 12 3 . . . Terminals 113 | . 20 . 42 5 10 14 11 11 . . . Fabricators 1 | . . . . . 1 . . . . . . Repair Stations 10 | . 3 . . . 6 1 . . . . . Recycling Units 15 | . 1 . 1 . 3 2 8 . . . . Scanalyzers 6 | . . . 3 . 1 . . 2 . . . Garrison Access 1 | . . . 1 . . . . . . . . Terminal Hacks 100 | . 4 15 13 2 3 7 30 4 4 1 17 Record 53 | . . 13 1 . . . 25 1 3 . 10 Robot Analysis 6 | . 2 . 3 . . 1 . . . . . Prototype ID Bank 7 | . 1 . . . . . . . . . 6 Open Door 7 | . . 1 . . . 3 . . 1 1 1 Level Access Points 1 | . . . . . . . . 1 . . . Branch Access Points 4 | . . . 1 . 1 1 . 1 . . . Emergency Access Points 1 | . . . . 1 . . . . . . . Terminal Index 1 | . . . 1 . . . . . . . . Alert Level 3 | . . . 1 . . . 1 1 . . . Unreport Threat 7 | . . . 4 . 1 1 1 . . . . Locate Traps 3 | . 1 . 1 . . 1 . . . . . Hauler Manifests 1 | . . . . . 1 . . . . . . Zone Layout 2 | . . . 1 . . . 1 . . . . Security Stations 1 | . . . . 1 . . . . . . . Proto ID Catalog 1 | . . 1 . . . . . . . . . Release Object 2 | . . . . . . . 2 . . . . Fabricator Hacks 1 | . . . . . 1 . . . . . . Network Status 1 | . . . . . 1 . . . . . . Repair Station Hacks 4 | . 2 . . . 2 . . . . . . Scan Component 2 | . 1 . . . 1 . . . . . . Repair 2 | . 1 . . . 1 . . . . . . Recycling Unit Hacks . | . . . . . . . . . . . . Scanalyzer 4 | . . . 2 . . . . 2 . . . Insert Component 2 | . . . 1 . . . . 1 . . . Analyze 2 | . . . 1 . . . . 1 . . . Garrison Access Hacks 1 | . . . 1 . . . . . . . . Unlock Access 1 | . . . 1 . . . . . . . . Unauthorized Hacks 24 | . 7 . 9 . 3 2 2 1 . . . Terminals 16 | . 6 . 7 . 2 . . 1 . . . Botnet 4 | . 1 . . . 2 . . 1 . . . Skim 12 | . 5 . 7 . . . . . . . . Fabricators . | . . . . . . . . . . . . Repair Stations . | . . . . . . . . . . . . Recycling Units 7 | . 1 . 1 . 1 2 2 . . . . Tunnel 7 | . 1 . 1 . 1 2 2 . . . . Scanalyzers 1 | . . . 1 . . . . . . . . Extract 1 | . . . 1 . . . . . . . . Garrison Access . | . . . . . . . . . . . . Data Cores Recovered . | . . . . . . . . . . . . Used . | . . . . . . . . . . . . Hacking Detections 42 | . 7 . 10 3 6 6 6 4 . . . Full Trace Events 8 | . . . 2 1 2 1 2 . . . . Feedback Events . | . . . . . . . . . . . . Feedback Blocked . | . . . . . . . . . . . . Robot Schematics Acquired . | . . . . . . . . . . . . Robots Built . | . . . . . . . . . . . . Authchips . | . . . . . . . . . . . . Time . | . . . . . . . . . . . . Total Robot Build Rating . | . . . . . . . . . . . . Part Schematics Acquired 3 | . . . 2 . . . . 1 . . . Parts Built . | . . . . . . . . . . . . Authchips . | . . . . . . . . . . . . Time . | . . . . . . . . . . . . Total Part Build Rating . | . . . . . . . . . . . . Parts Repaired 2 | . 1 . . . 1 . . . . . . Time 45 | . 26 . . . 19 . . . . . . Parts Recycled . | . . . . . . . . . . . . Recycled Matter . | . . . . . . . . . . . . Retrieved Matter . | . . . . . . . . . . . . Retrieved Components . | . . . . . . . . . . . . Parts Scanalyzed 2 | . . . 1 . . . . 1 . . . Part Schematics Acquired 2 | . . . 1 . . . . 1 . . . Parts Damaged . | . . . . . . . . . . . . Bothacking | -11 -10 -10 -8 -8 -7 -7 -7 -5 -5 -5 -5 ------------ Run | Yrd Mat Sub Mat Gar Fac Sto Rec Fac Upp Upp War Used RIF Installer . | . . . . . . . . . . . . Robots Hacked . | . . . . . . . . . . . . Non-combat . | . . . . . . . . . . . . Combat . | . . . . . . . . . . . . Robot Hacks Applied . | . . . . . . . . . . . . Relay Couplers Released 21 | . . . . 21 . . . . . . . Machine Destruction 21 | . . . . 21 . . . . . . . Fabnet Peak Effective % . | . . . . . . . . . . . . Robots Rewired 11 | . . . . 2 . . 5 . 2 2 . Allies Hacked 1 | . . . . . . . . 1 . . . Hacks Repelled . | . . . . . . . . . . . . Allies | -11 -10 -10 -8 -8 -7 -7 -7 -5 -5 -5 -5 -------- Run | Yrd Mat Sub Mat Gar Fac Sto Rec Fac Upp Upp War Total Allies 45 | . . . . 2 12 10 5 . 6 8 2 Largest Group 10 | . . . . 2 4 10 3 3 2 2 1 Highest-Rated Group 173 | . . . . 40 84 173 85 61 60 74 50 Highest-Rated Ally 64 | . . . . 20 31 29 34 34 30 64 50 Initial Warlord ECA Mod 48 | . . . . . 8 8 8 6 6 6 6 Total Orders 4 | . . . . . . 4 . . . . . STAY 2 | . . . . . . 2 . . . . . FOLLOW 2 | . . . . . . 2 . . . . . Ally Attacks 188 | . . . . 5 15 88 12 6 23 37 2 Total Damage 3621 | . . . . 186 203 1091 225 63 547 1208 98 Kills 28 | . . . . 2 1 9 2 1 5 8 . Allies Corrupted 2 | . . . . . . . . 1 . 1 . Allies Melted 3 | . . . . . . . . . 2 . 1 Intel | -11 -10 -10 -8 -8 -7 -7 -7 -5 -5 -5 -5 ------- Run | Yrd Mat Sub Mat Gar Fac Sto Rec Fac Upp Upp War Active Infowar (turns) 17355 | 7 2539 4790 1072 . 8 631 . 758 3124 2357 2069 Optics 8308 | . . . . . . . . 758 3124 2357 2069 Structural 5846 | . . 4774 1072 . . . . . . . . Traps 3140 | . . . . . . . . . 2905 89 146 Seismic 3397 | 7 2539 16 276 . . 559 . . . . . Machine Analysis 72 | . . . . . . 72 . . . . . ECM 8 | . . . . . 8 . . . . . . Robot Analysis Total 6 | . 2 . 3 . . 1 . . . . . Derelict Logs Recovered 4 | . . 2 . . . . . . 1 1 . Drone Launches 2 | . . . . . . 2 . . . . . Drone Recoveries . | . . . . . . . . . . . . Exploration | -11 -10 -10 -8 -8 -7 -7 -7 -5 -5 -5 -5 ------------- Run | Yrd Mat Sub Mat Gar Fac Sto Rec Fac Upp Upp War Turns Passed 31569 | 227 2902 9431 2888 2136 2297 1624 1242 1272 3124 2357 2069 Spaces Moved 14315 | 108 901 4455 1317 903 1136 639 1021 706 1546 826 757 Core 32 | 2 . . . . . 3 26 1 . . . Treads 6328 | 106 901 397 825 903 1136 636 . 339 78 428 579 Legs 5267 | . . 4058 294 . . . 31 42 329 398 115 Wheels 2625 | . . . 198 . . . 964 324 1139 . . Hover 16 | . . . . . . . . . . . 16 Flight 47 | . . . . . . . . . . . 47 Fastest Speed 50 | 50 160 130 120 160 160 156 90 101 100 148 103 Average Speed 183 | 157 232 194 171 188 163 166 101 133 173 238 238 Slowest Speed 750 | 160 240 240 240 240 243 350 200 750 400 540 325 Overloaded Moves . | . . . . . . . . . . . . Propulsion Burnouts . | . . . . . . . . . . . . Robots Hopped . | . . . . . . . . . . . . Potential Cave-ins 4 | . . 1 . . . . . . . . 3 Cave-ins Triggered 1 | . . . . . . . . . . . 1 Exploration Rate (%) 72 | 7 99 97 87 89 40 78 89 17 99 76 88 Regions Visited 11 Branch Regions 6 Pre-discovered Areas 11 | . 1 3 1 . 1 2 2 . 1 . . Known Exits Taken 7 | . . 1 1 . 1 1 1 1 1 . . Unknown Exits Taken 3 | 1 1 . . . . . . . . 1 . Scrap Searched 24 | . . 18 . . . . . . 3 3 . Spaces Dug 90 | . 15 9 10 4 10 1 1 1 37 1 1 Terrain Destroyed 609 | . 16 43 157 36 59 224 8 3 40 2 21 Melee 63 | . . . 9 4 10 . 1 1 37 1 . Projectile 67 | . 16 15 16 . . 7 1 . 3 1 8 AOE 479 | . . 28 132 32 49 217 6 2 . . 13 Terrain Rammed . | . . . . . . . . . . . . Walls Destroyed . | . . . . . . . . . . . . Machines Disabled . | . . . . . . . . . . . . Actions | -11 -10 -10 -8 -8 -7 -7 -7 -5 -5 -5 -5 --------- Run | Yrd Mat Sub Mat Gar Fac Sto Rec Fac Upp Upp War Total 18110 | 135 1580 4946 1683 1138 1417 1011 1202 939 1899 1205 955 Wait 1716 | . 575 172 82 34 107 101 73 114 190 223 45 Move 14303 | 107 900 4454 1316 902 1135 638 1020 705 1545 825 756 Hop . | . . . . . . . . . . . . Pick Up 241 | 6 23 48 24 17 15 27 13 11 21 13 23 Fast Attach 172 | 6 1 13 22 11 12 31 12 17 10 23 14 Attach 88 | 1 1 5 16 10 1 22 5 8 4 9 6 Detach 25 | . . 2 3 . 1 4 1 3 2 5 4 Swap 164 | . 12 12 23 21 33 28 6 9 10 2 8 Drop 302 | . 11 51 40 18 29 48 12 25 12 16 40 Fire 770 | 15 57 156 138 79 64 109 14 42 24 19 53 Melee 218 | . . . 17 42 16 2 4 5 65 63 4 Ram . | . . . . . . . . . . . . Kick . | . . . . . . . . . . . . Crush 2 | . . . 2 . . . . . . . . Escape Stasis 4 | . . . . 4 . . . . . . . Rewire 63 | . . . . . . . 41 . 15 7 . Trap 6 | . . . . . 3 . . . 1 . 2 Miscellaneous 36 | . . 33 . . 1 1 1 . . . . Route ------- -11/Scrapyard -10/Materials (discovered 6 exits: [*Mat x3] / [*Min x2] / *Sub) -10/Subcaves (discovered 3 exits: *Mat x2 / *Rec) -8/Materials (discovered 4 exits: *Fac x3 / Gar) -8/Garrison (discovered 3 exits: *Fac x3) -7/Factory (discovered 7 exits: *Fac x4 / *Sto / *Low x2) -7/Storage (discovered 2 exits: *Fac / *Rec) -7/Recycling -5/Factory (discovered 8 exits: *Fac x4 / *Upp x2 / Ext x2) -5/Upper Caves -5/Upper Caves (discovered 2 exits: *Fac / *War) -5/Warlord (discovered 1 exit: [*Pro]) History --------- Turn | Location | Event 7 | -11/Scrapyard | Discovered new exit (range 15) 228 | -11/Scrapyard | Entered Materials 318 | -10/Materials | Build established: Mutant 630 | -10/Materials | Discovered new exit (range 16) 844 | -10/Materials | Discovered new exit (range 5) 1121 | -10/Materials | Discovered new exit (range 11) 1200 | -10/Materials | Discovered new exit (range 7) 1696 | -10/Materials | Discovered new exit (range 10) 1902 | -10/Materials | Discovered new exit (range 10) 1997 | -10/Materials | Learned 4 Recycling zone layouts 2196 | -10/Materials | Learned 2 Storage zone layouts 2241 | -10/Materials | Learned location of 1 exit from Recycling 2274 | -10/Materials | Learned location of 2 exits from Subcaves 2316 | -10/Materials | Learned 2 Mines zone layouts 2368 | -10/Materials | Learned 4 Subcaves zone layouts 2612 | -10/Materials | Repaired Lgt. Treads 3130 | -10/Materials | Entered Subcaves 3131 | -10/Subcaves | Identified exit to Materials 3132 | -10/Subcaves | Shifting Twisted Machinery released Piercing Trap 3132 | -10/Subcaves | Identified exit to Recycling 3241 | -10/Subcaves | Learned location of Zion (-7) 3280 | -10/Subcaves | Ambushed by swarm of Subdwellers 3325 | -10/Subcaves | Lost 3 allies 3336 | -10/Subcaves | Core integrity fell below 50% 3427 | -10/Subcaves | Shifting Twisted Machinery released Battle Cannon 3698 | -10/Subcaves | Disturbed a concealed Subdweller 3774 | -10/Subcaves | Shifting Twisted Machinery released Sub. Beam Cannon 3835 | -10/Subcaves | Shifting Twisted Machinery released Battle Cannon 3914 | -10/Subcaves | Visited 4L-MR0's lab 3935 | -10/Subcaves | Found Cargo Legs 3936 | -10/Subcaves | Attached Cargo Legs, gained temporary slots: Utility x2 5292 | -10/Subcaves | A swath of the cavern ceiling suddenly collapsed 6482 | -10/Subcaves | Ambushed by Subdweller buried in earth 6509 | -10/Subcaves | Met a Zionite searching for "candidates" 6591 | -10/Subcaves | Build established: Subdweller-Mutant 6617 | -10/Subcaves | A swath of the cavern ceiling suddenly collapsed 6764 | -10/Subcaves | Curiously followed by a Cobbler waking with a query about "LVR3C" 6845 | -10/Subcaves | A Subdweller sparked back to life 6892 | -10/Subcaves | Build established: Mutant 6909 | -10/Subcaves | Found Meta Core 7287 | -10/Subcaves | Visited Clippyterm 7293 | -10/Subcaves | Learned Factory emergency access door positions 7713 | -10/Subcaves | Build established: Derelict-Mutant 8074 | -10/Subcaves | Build established: Mutant 9069 | -10/Subcaves | Shifting Twisted Machinery released Hvy. Battle Rifle 9086 | -10/Subcaves | Shifting Twisted Machinery released Flamer 12561 | -10/Subcaves | Entered Materials 12561 | -8/Materials | Evolved 4 slots: Propulsion x1, Utility x2, Weapon x1 13043 | -8/Materials | Lost 3 parts (1u2w) 13053 | -8/Materials | Destroyed 7 combat bots 13728 | -8/Materials | Identified exit to Garrison 13786 | -8/Materials | Build established: Scavenger-Tank 13790 | -8/Materials | Discovered new exit (range 13) 14386 | -8/Materials | Discovered new exit (range 12) 14716 | -8/Materials | Build established: Tank 14790 | -8/Materials | Discovered new exit (range 4) 14905 | -8/Materials | Learned Factory trap positions 14980 | -8/Materials | Learned location of 1 exit from Storage 15046 | -8/Materials | Learned location of 3 exits from Factory 15104 | -8/Materials | Learned Factory emergency access door positions 15153 | -8/Materials | Learned location of 1 exit from Extension 15215 | -8/Materials | Learned Factory non-interactive machine intel 15252 | -8/Materials | Learned Factory trap positions 15300 | -8/Materials | Learned location of 1 exit from Extension 15359 | -8/Materials | Learned Storage emergency access door positions 15361 | -8/Materials | First assault squad dispatched 15449 | -8/Materials | Entered Garrison 15462 | -8/Garrison | Learned Factory security intel 15537 | -8/Garrison | Garrison Relay disabled 15711 | -8/Garrison | Core integrity fell below 50% 15766 | -8/Garrison | Destroyed 8 combat bots 16053 | -8/Garrison | Found Hvy. Reflective Plating 16203 | -8/Garrison | Triggered checkpoint 16373 | -8/Garrison | Garrison Relay disabled 16391 | -8/Garrison | Triggered checkpoint 16465 | -8/Garrison | Discovered new exit (range 3) 16699 | -8/Garrison | Triggered checkpoint 16756 | -8/Garrison | Build established: Mutant 16968 | -8/Garrison | Discovered new exit (range 8) 17021 | -8/Garrison | Triggered checkpoint 17024 | -8/Garrison | Garrison Relay disabled 17102 | -8/Garrison | Garrison Relay disabled 17203 | -8/Garrison | Triggered checkpoint 17243 | -8/Garrison | Build established: Scavenger-Gunner 17285 | -8/Garrison | Discovered new exit (range 8) 17363 | -8/Garrison | Triggered checkpoint 17409 | -8/Garrison | Garrison Relay disabled 17585 | -8/Garrison | Entered Factory 17585 | -7/Factory | Evolved 2 slots: Propulsion x1, Utility x1 17586 | -7/Factory | Identified exit to Factory 17587 | -7/Factory | Loaded intel: 105 trap records 17590 | -7/Factory | Loaded intel: 197 non-interactive machine locations 18230 | -7/Factory | Discovered new exit (range 4) 18374 | -7/Factory | Build established: Tank 18379 | -7/Factory | Destroyed 8 combat bots 18633 | -7/Factory | Repaired Hrd. Medium Armor Plating 18733 | -7/Factory | Discovered exit to Factory (range 16) 18785 | -7/Factory | First assault squad dispatched 18880 | -7/Factory | Destroyed 7 combat bots 18939 | -7/Factory | Discovered new exit (range 4) 19280 | -7/Factory | Build established: Mutant 19824 | -7/Factory | Identified exit to Storage 19824 | -7/Factory | Identified exit to Lower Caves 19882 | -7/Factory | Entered Storage 20212 | -7/Storage | Found Prototype Launcher 20212 | -7/Storage | Identified Rocket Array 20282 | -7/Storage | First assault squad dispatched 20292 | -7/Storage | Lost 3 parts (1n1u1w) 20347 | -7/Storage | Destroyed 9 combat bots 20513 | -7/Storage | Assisted by bots powering up and referring to "LRC-V3" 20547 | -7/Storage | Found Rocket Array 20628 | -7/Storage | Destroyed 7 combat bots 20807 | -7/Storage | Build established: Commander-Gunner 20825 | -7/Storage | Discovered exit to Factory (range 10) 21133 | -7/Storage | High security lockdown imminent 21161 | -7/Storage | Core integrity fell below 50% 21173 | -7/Storage | Attached Meta Core, gained temporary slots: Propulsion, Utility, Weapon 21210 | -7/Storage | Destroyed 35 combat bots 21213 | -7/Storage | High security lockdown engaged 21216 | -7/Storage | Lost 9 parts (5n1u3w) 21373 | -7/Storage | P-60 Hacker assimilated allied Trooper 4f 21415 | -7/Storage | Lost 9 allies 21418 | -7/Storage | Sterilization system engaged 21418 | -7/Storage | Non-combat units ordered to evacuate 21424 | -7/Storage | System corruption reached 10% 21425 | -7/Storage | Core integrity fell below 20% 21462 | -7/Storage | Found Powered Armor 21477 | -7/Storage | Lost 5 parts (2n1u2w) 21506 | -7/Storage | Entered Recycling 21507 | -7/Recycling | Identified exit to Factory 21533 | -7/Recycling | Lost 4 parts (1n2u1w) 21789 | -7/Recycling | Build established: Mutant 21979 | -7/Recycling | Entered Scraplab 21996 | -7/Recycling | Found Prototype Device 21996 | -7/Recycling | Identified Scrap Engine 22748 | -7/Recycling | Entered Factory 22748 | -5/Factory | Accompanied by 3 allies 22748 | -5/Factory | Evolved 4 slots: Power x1, Propulsion x1, Utility x2 22749 | -5/Factory | Loaded intel: 95 trap records 23111 | -5/Factory | P-70 Sage assimilated allied Commando 4a 23177 | -5/Factory | Build established: Hacker-Tank 23389 | -5/Factory | Identified exit to Factory 23532 | -5/Factory | Identified exit to Upper Caves 23532 | -5/Factory | Identified exit to Extension 23814 | -5/Factory | Lost 5 parts (2n1u2w) 24020 | -5/Factory | Entered Upper Caves 24026 | -5/Upper Caves | Met a Warlord Commander 24027 | -5/Upper Caves | Learned location of Warlord (-5) 24028 | -5/Upper Caves | Warlord Commander delivered Encrypted Comm Array 24214 | -5/Upper Caves | Found DCF Scrap (13 items) 24472 | -5/Upper Caves | Attracted the attention of an 0b10 outpost 24806 | -5/Upper Caves | Build established: Mutant 24821 | -5/Upper Caves | Lost 3 parts (1p1n1w) 24893 | -5/Upper Caves | Identified exit to Upper Caves 25655 | -5/Upper Caves | Attracted the attention of an 0b10 checkpoint 25915 | -5/Upper Caves | Lost 4 parts (1p2n1w) 26575 | -5/Upper Caves | Build established: Scavenger-Mutant 26922 | -5/Upper Caves | Entered an active Warlord outpost 26962 | -5/Upper Caves | Learned Factory garrison access intel 27144 | -5/Upper Caves | Entered another Upper Caves area 27144 | -5/Upper Caves | Accompanied by 1 ally 27145 | -5/Upper Caves | Encountered a Warlord checkpoint 27229 | -5/Upper Caves | Lost 5 parts (1p3n1w) 27269 | -5/Upper Caves | Lost 4 parts (1n2u1w) 27434 | -5/Upper Caves | Discovered exit to Factory (range 7) 27612 | -5/Upper Caves | Build established: Scavenger-Gladiator 27632 | -5/Upper Caves | Spotted B-75 Beast 27666 | -5/Upper Caves | Core integrity fell below 50% 27848 | -5/Upper Caves | Learned 4 Factory zone layouts 27953 | -5/Upper Caves | Attracted the attention of an 0b10 outpost 28017 | -5/Upper Caves | Lost 5 parts (1p2n1u1w) 28101 | -5/Upper Caves | Lost 6 parts (1p2n2u1w) 28397 | -5/Upper Caves | Build established: Scavenger-Mutant 28970 | -5/Upper Caves | Attacked by a delusional Derelict stockpiling parts 29120 | -5/Upper Caves | Discovered new exit (range 21) 29501 | -5/Upper Caves | Entered Warlord 29638 | -5/Warlord | System corruption cleaned by Quarantine Array 29803 | -5/Warlord | Received a Watcher feed algorithm from an ecstatic Tinkerer 30028 | -5/Warlord | Build established: Construct 30660 | -5/Warlord | Warlord's base attacked by MAIN.C 30690 | -5/Warlord | Found Prototype Piercing Weapon 30690 | -5/Warlord | Identified Vortex Lance 30700 | -5/Warlord | Found Prototype Energy Gun 30700 | -5/Warlord | Identified Vortex Rifle 30711 | -5/Warlord | Found Vortex Lance 30732 | -5/Warlord | Found Vortex Rifle 30816 | -5/Warlord | Met Warlord 30895 | -5/Warlord | Found Prototype Reactor 30895 | -5/Warlord | Identified Vortex Chain Reactor 30923 | -5/Warlord | Found Prototype Processor 30923 | -5/Warlord | Identified Exp. Core Analyzer 31010 | -5/Warlord | Warlord forces counterattacked 31036 | -5/Warlord | Spotted Executioner 31039 | -5/Warlord | Spotted Executioner 31041 | -5/Warlord | Spotted B-86 Titan 31052 | -5/Warlord | Destroyed Executioner 31064 | -5/Warlord | Spotted B-75 Beast 31071 | -5/Warlord | Destroyed B-86 Titan 31073 | -5/Warlord | Destroyed B-75 Beast 31101 | -5/Warlord | Lost 10 allies 31117 | -5/Warlord | Spotted Striker 31124 | -5/Warlord | P-80 Master assimilated allied G1-JKB(g) 31142 | -5/Warlord | Destroyed Striker 31199 | -5/Warlord | Spotted Executioner 31212 | -5/Warlord | Core integrity fell below 20% 31216 | -5/Warlord | Lost 10 allies 31239 | -5/Warlord | Destroyed Executioner 31335 | -5/Warlord | Warlord base infiltrated, sounded retreat 31366 | -5/Warlord | Spotted B-75 Beast 31385 | -5/Warlord | Spotted Striker 31428 | -5/Warlord | Spotted Executioner 31470 | -5/Warlord | Lost 3 allies 31484 | -5/Warlord | Spotted Striker 31486 | -5/Warlord | Spotted Striker 31503 | -5/Warlord | Spotted Executioner 31508 | -5/Warlord | P-70 Sage assimilated allied N1-CXD(Y) 31511 | -5/Warlord | Found Prototype Launcher 31511 | -5/Warlord | Identified Chain Missile Launcher 31545 | -5/Warlord | Lost 4 allies 31560 | -5/Warlord | Spotted B-75 Beast 31560 | -5/Warlord | Spotted B-86 Titan 31560 | -5/Warlord | Spotted Executioner 31570 | -5/Warlord | Discovered new exit (range 17) 31570 | -5/Warlord | Crushed by falling debris 31570 | -5/Warlord | Smashed by cave-in Last Messages --------------- 31560_ G-67 Veteran destroyed. 31563_ The unstable cave ceiling collapses. 31563_ HV Slug penetrates P-70 Sage. 31563_ HV Slug penetrates Wall. 31564_ The unstable cave ceiling collapses. 31564_ P-70 Sage hacks GF-7J0(m), rebooting. 31568_ GF-7J0(m) system terminally corrupted. 31569_ G-50 Soldier destroyed. 31569_ Penetrated by Slug. 31569_ G-50 Soldier destroyed. 31569_ HV Slug penetrates P-70 Sage. 31570_ EXIT=FOUND 31570_ The unstable cave ceiling collapses. 31570_ Crushed by falling debris. 31570_ Enh. Optical Array destroyed. 31570_ System corrupted by crushing effect (+5). 31570_ Vortex Rifle destroyed. 31570_ System corrupted by crushing effect (+5). 31570_ Exp. Core Analyzer destroyed. 31570_ System corrupted by crushing effect (+5). Map ----- +----------------------------------------------------+ | ??????????????????????????????????????? | | ??????????????????????????????????????? | | ??????????????????????????????????????? | | ??????????????????????????????????????? | | ??????????????????????????????????????? | | ??????????????????????????????????????? | | ??????????????????????????????????????? | | ??????????????????????????????????????? | | ???????????????????????????????#?#????? | | ??????????????## ?????????????? ###??? | | ??????????????? ???????????? ???? | | ??????????????? ???????????? < ???? | | ??????????????? ??????????? ????? | | ???????????????? ??????????? ?????? | | ????????????????? ????????? ?????? | | ?????????????????? ???????? ?????? | | ??????????????????? ????????e ?????? | | ???????????????????# ????### #?#???? | | ???????????????????# ??### g? #"###?? | | ???????????????????? ?? ? ""##? | | ????????????????????? ### ?#"* "#? | | ???""#???????????????? ## =% #? | | ??#""#?????????????????" ;# " #? | | ??#""#?????????????????# #%*= ## | | ??#""#??????????????????# / # | | #?#""#??????????????????#@ ## [# # | | ###""############??###?###; ; % # | | [=*""[[= ####"### m; pg%=#E # | | ==/""% !]!=* ## mm% [BBg # | | =*=="![[[[*%!! [# ##;pBBBBg " | | %%=%%%%=!%!]%*= ###=[ #gWBBg < | | %[ [%%[=%%=]|!% = [g%=! ###? | | %*!*=!%%*=!== #### #??? | | ! * %[*=!%! # ##??# #??? | | %*!""/*!!=* # =*#???# ;"?? | | =!=""[* %" !%*#?### ; ? | | !*=""[[*"######## "*%""## # ^# # | | ###""#####??????## #####"/ "## #?# | | ??#""#???????????###???# ""# #?? | | ??#""#????????????????? """ ##?? | | ??#""#????????????????# "##" #??? | | ??#""#???????????????? ##?## ##??? | | ??#""????????????????# #???## #???? | | ##???????????????????# ##????# #???? | | ##??????????????????# ??????## ##??? | | #####??????????????# ??????## #??? | | #?????????????? ?????## #??? | | # ###??????????????? ?????# #??? | | #?????????????? ##?????# #??? | | #?????????????? #???????# #??? | +----------------------------------------------------+ Best States ------------- Heat Dissipation 78 Coolant Potential 50 Energy Generation 55 Energy Capacity 700 Matter Stores 300 Matter Capacity 300 Sight Range 22 Terrain Scan Density 210 ECM Strength 1 EM Shielding 2 Armor Coverage 900 Resistance: KI 30 Resistance: TH 25 Weapon Cycling 15 Melee Speed Boost 20 Phase Shifting 5 Evasion (%) 55 Targeting Accuracy 8 Melee Accuracy 8 Launcher Accuracy 40 Core Analysis 8 Recoil Reduction 5 Kinecelleration 30 Offensive Hacking 11 Defensive Hacking 34 Authchip Count 3 Item Schematics ----------------- Multitool | -8/Materials | Scanalyzed Com. Wheel | -8/Materials | Extracted Huge Storage Unit | -5/Factory | Scanalyzed Robot Schematics ------------------ None Fabricated ------------ Nothing Repaired ---------- Lgt. Treads | 37% | -10/Materials Hrd. Medium Armor Plating | 14% | -7/Factory Alien Tech Used ----------------- None Achievements -------------- Boltbath Challenges ------------ None Game ------ Seed LightZioniteTerrabomb Manual? 0 Play Time 04:00:35 Cumulative 257.9 hours Start 2025.05.19 @ 15:43:46 End 2025.05.19 @ 22:18:08 Sessions 3 Manual Loads 0 Difficulty Rogue Special Mode None Game No. 119 Rogue 119 Adventurer 0 Explorer 0 Win Type - Total 1 Types 0/0/0/0/1/0/0/0/0/0 Lore% 60 Gallery% 72 Achievement% 63 Wizard Run 0 Options --------- Layout 0 ASCII 0 Keyboard 0 Movement Mouse Keybinds 0 Fullscreen 1 Font 24/Smallcaps Map View 183x50 Zoom Use 2% Tactical HUD 1 Map Filters NONE Filters NONE Steam 0 RUN: 329bc912-e0bd-49eb-9a57-c6f164621a93